 Dungeon Crawl Stone Soup version 0.26-a0-854-gdc81c2f471 (webtiles) character file.

Game seed: 10444578935323623389

186 Decritt the Firebug (level 5, 0/29 HPs)
             Began as a Deep Elf Fire Elementalist on Nov 24, 2020.
             Slain by a crimson imp (2 damage)
             ... summoned by Natasha
             ... on level 4 of the Dungeon.
             The game lasted 00:11:00 (4370 turns).

Decritt the Firebug (Deep Elf Fire Elementalist)    Turns: 4370, Time: 00:11:00

Health: 0/29       AC:  2    Str:  5    XL:     5   Next: 38%
Magic:  9/13       EV: 13    Int: 21    God:
Gold:   137        SH:  0    Dex: 15    Spells: 11/12 levels left

rFire    . . .     SeeInvis .   h - +3 hunting sling
rCold    . . .     Faith    .   (no shield)
rNeg     . . .     Spirit   .   a - +0 robe
rPois    .         Reflect  .   (no helmet)
rElec    .         Harm     .   (no cloak)
rCorr    .         Rampage  .   (no gloves)
MR       .....                  (no boots)
Stlth    ++........             (no amulet)
HPRegen  0.09/turn              (no ring)
MPRegen  0.13/turn              (no ring)

@: no status effects
A: no striking features
a: no special abilities


You were on level 4 of the Dungeon.
You visited 1 branch of the dungeon, and saw 4 of its levels.

You collected 137 gold pieces.

Inventory:

Hand Weapons
 g - a +0 scimitar
 h - a +3 hunting sling (weapon)
Missiles
 j - 46 stones (quivered)
 k - 42 poisoned darts
Armour
 a - a +0 robe (worn)
Scrolls
 b - 3 scrolls of teleportation
 c - 3 scrolls of amnesia
 i - a scroll of blinking {unknown}
 m - a scroll of enchant armour {unknown}
 o - a scroll of enchant weapon {unknown}
 p - a scroll of random uselessness {unknown}
 r - a scroll of identify
 t - a scroll of remove curse {unknown}
Potions
 d - a potion of attraction
 e - a potion of flight
 f - a potion of brilliance
 l - 3 potions of haste
 n - a potion of berserk rage
 q - a potion of curing
 s - a potion of heal wounds


   Skills:
 + Level 1.3 Fighting
 + Level 3.2 Dodging
 - Level 2.4 Stealth
 * Level 4.4 Spellcasting
 * Level 2.8 Conjurations
 * Level 4.5 Fire Magic


You had 11 spell levels left.
You knew the following spells:

 Your Spells              Type           Power        Failure   Level
a - Foxfire               Conj/Fire      ###.         2%          1

Your spell library contained the following spells:

 Spells                   Type           Power        Failure   Level
 Conjure Flame            Conj/Fire      ###.....     8%          3
 Inner Flame              Hex/Fire       ##......     14%         3
 Sticky Flame             Conj/Fire      ###.....     26%         4
 Fireball                 Conj/Fire      ###.......   56%         5


Dungeon Overview and Level Annotations

Branches:
Dungeon (4/15)
 Temple: D:4-7

Altars:
Elyvilon
Kikubaaqudgha
Makhleb

Annotations:
D:4 Natasha


Message History

Firing (i - inventory. (/) - cycle)
j - 48 stones (quivered)
Press: ? - help, Shift-Dir - straight line, f/p - Natasha
Aim: Natasha (severely wounded)
You shoot a stone. The stone closely misses Natasha.
Natasha casts a spell.
The crimson imp barely misses you.
Firing (i - inventory. (/) - cycle)
j - 47 stones (quivered)
Press: ? - help, Shift-Dir - straight line, f/p - Natasha
Aim: Natasha (severely wounded)
You shoot a stone. The stone closely misses Natasha.
Natasha barely misses you. The crimson imp hits you.
* * * LOW HITPOINT WARNING * * *
Natasha casts a spell at you. The magic dart hits you!
* * * LOW HITPOINT WARNING * * *
Your magical contamination has completely faded away.
Casting: Foxfire (safe; 2% risk of failure)
Confirm with . or Enter, or press ? or * to list all spells.
You conjure some foxfire!
The crimson imp hits you.
You die...

####### ......# #####.##
###..####### #...........
#.##..###### #.###.##
###.###..###############
...............v@5$.....
###.####.รท#######h######
#.# ##.## 5# #.# #..# .#
#.# ##.## .# #.# #..# .#
#.# ##.# .# #.# #.# .#
#.# #.#


You could see Natasha, a crimson imp (summoned) and a white imp (summoned).

Vanquished Creatures
  A centaur skeleton (D:4)
  Ijyb (D:3)
  5 adders
  2 river rats (D:3)
  An ooze (D:3)
  An adder skeleton (D:4)
  2 worms
  4 leopard geckos
  5 orcs (D:3)
  5 giant cockroaches
  3 goblins
  7 hobgoblins
  A quokka (D:4)
  3 ball pythons
  5 bats
  4 frilled lizards
  3 kobolds
  2 rats
55 creatures vanquished.

Vanquished Creatures (others)
  221 foxfires
221 creatures vanquished.

Grand Total: 276 creatures vanquished

Notes
Turn   | Place    | Note
-------+----------+-------------------------------------------
     0 | D:1      | Decritt the Deep Elf Fire Elementalist began the quest for
                  | the Orb.
     0 | D:1      | Reached XP level 1. HP: 10/10 MP: 6/6
   830 | D:1      | Reached XP level 2. HP: 15/15 MP: 6/8
  1284 | D:2      | Reached XP level 3. HP: 20/20 MP: 6/10
  1731 | D:2      | Found a burning altar of Makhleb.
  1731 | D:2      | Noticed an Executioner
  1737 | D:2      | Noticed a hellwing
  1737 | D:2      | Noticed a neqoxec
  1905 | D:3      | Found a white marble altar of Elyvilon.
  1964 | D:3      | Found an ancient bone altar of Kikubaaqudgha.
  2309 | D:3      | Noticed Ijyb
  2370 | D:3      | Killed Ijyb
  2371 | D:3      | Reached XP level 4. HP: 24/24 MP: 3/11
  2597 | D:3      | Reached skill level 1 in Fighting
  3728 | D:3      | Reached XP level 5. HP: 28/29 MP: 1/13
  4360 | D:4      | Noticed Natasha
  4370 | D:4      | Slain by a crimson imp

Illustrated notes

Levels and vault maps discovered:
D:1:      lemuel_arrival_river_bridge, layout_basic
D:2:      layout_basic, makhleb_altar_promises_db
D:3:      layout_basic, kiku_gazebo_pond_becter, elyvilon_altar_5,
          portal_sewer_entry_e, uniq_ijyb
D:4:      layout_basic, uniq_blork_the_orc, uniq_natasha

Skill      XL: |  1  2  3  4 |
---------------+-------------+-----
Conjurations   | 2 |  2.8
Fire Magic     | 4 |  4.5
Fighting       | 1 |  1.3
Spellcasting   | 4 |  4.4
Dodging        | 3 |  3.2
Stealth        | |  2.4

Action                   |  1- 3 |  4- 6 || total
-------------------------+-------+-------++-------
Melee: Dagger            |     3 |       ||     3
 Fire: Hunting sling     |    42 |     5 ||    47
 Cast: Foxfire           |    75 |   100 ||   175
  Use: Scroll            |     3 |     5 ||     8
       Potion            |     2 |       ||     2
Armor: Robe              |    10 |     1 ||    11
       Skin              |    14 |       ||    14
Dodge: Dodged            |    37 |    19 ||    56
       Rpst.: Scimitar   |     2 |       ||     2

Table legend: (Time is in decaauts)
 A = Elapsed time spent in this place.
 B = Non-inter-level travel time spent in this place.
 C = Inter-level travel time spent in this place.
 D = Time resting spent in this place.
 E = Time spent auto-exploring this place.
 F = Levels seen in this place.
 G = Mean time per level.
                   A        B        C        D        E       F      G
               +--------+--------+--------+--------+--------+-----+--------+
         Total |   4384 |   4264 |    120 |    753 |   2892 |   4 | 1096.0 |
       Dungeon |   4384 |   4264 |    120 |    753 |   2892 |   4 | 1096.0 |
               +--------+--------+--------+--------+--------+-----+--------+

Top non-repeatable levels by time:
     D:3: 2032 daAuts
     D:1: 1063 daAuts
     D:2: 839 daAuts
     D:4: 448 daAuts
